 Dungeon Sprint DCSS version 0.32-a0-779-g362cfcae2a (webtiles) character file.

Game seed: 5897758067020552882

1096 rocky1 the Cleaver (level 8, -4/79 HPs)
             Began as a Mountain Dwarf Fighter on Mar 19, 2024.
             Was a Believer of Cheibriados.
             Slain by a hornet (11 damage)
             ... while paralysed by a hornet
             ... in the Dungeon (Sprint IX: "|||||||||||||||||||||||||||||").
             The game lasted 00:02:12 (400 turns).

rocky1 the Cleaver (Mountain Dwarf Fighter)          Turns: 400, Time: 00:02:13

Health: -4/79      AC: 10    Str: 28    XL:     8   Next: 10%
Magic:  8/8        EV:  2    Int: 15    God:    Cheibriados [**....]
Gold:   0          SH:  0    Dex: 17    Spells: 7/7 levels left

rFire   . . .        r - +1 broad axe (elec)
rCold   . . .        c - +0 buckler
rNeg    . . .        p - +2 ring mail
rPois   .            (no helmet)
rElec   .            (no cloak)
rCorr   .            (no gloves)
SInv    .            q - +0 pair of boots
Will    .....        (no amulet)
Stlth   +            n - +3 ring of dexterity
HPRegen 0.33/turn    o - +3 ring of strength
MPRegen 0.11/turn

%: no teleportation
@: paralysed, slowed, very slow
A: runic magic, artefact enchanting
a: Renounce Religion, Bend Time


You were in the Dungeon.
You worshipped Cheibriados.
Cheibriados was pleased with you.
You visited 1 branch

Inventory:

Hand Weapons
 a - a +0 flail
 r - a +1 broad axe of electrocution (weapon)
 s - a +2 dire flail of protection
Armour
 b - a +0 scale mail
 c - a +0 buckler (worn)
 p - a +2 ring mail (worn)
 q - a +0 pair of boots (worn)
Jewellery
 n - a +3 ring of dexterity (left hand)
 o - a +3 ring of strength (right hand)
Wands
 m - a wand of warping (10)
Scrolls
 j - 2 scrolls of blinking
 l - 2 scrolls of amnesia
Potions
 d - a potion of might
 e - 5 potions of curing
 g - a potion of haste
 h - 4 potions of magic
 i - a potion of berserk rage


   Skills:
 + Level 9.9 Fighting
 * Level 13.5(13.8) Axes
 - Level 4.0(9.7) Maces & Flails
 + Level 9.4 Armour
 + Level 2.9 Dodging
 + Level 6.3 Shields


You had 7 spell levels left.
You didn't know any spells.
Your spell library was empty.

Dungeon Overview and Level Annotations

Branches:
Dungeon (1/1)

Altars:
Cheibriados
Dithmenos
Elyvilon
Fedhas
Gozag
Hepliaklqana
Kikubaaqudgha
Makhleb
Nemelex Xobeh
Okawaru
Qazlal
Ru
Sif Muna
Trog
Uskayaw
Vehumet
Wu Jian
Xom
Yredelemnul
Zin
The Shining One
Beogh
Jiyva
Lugonu


Innate Abilities, Weirdness & Mutations

Your spellcasting is much less encumbered by armour.
You can use scrolls of enchantment on lesser artefacts.


Message History

You block the vampire mosquito's attack.
The vampire mosquito bites you.
* * * LOW HITPOINT WARNING * * *
The vampire mosquito draws strength from your injuries!
You miss the vampire mosquito.
The vampire mosquito is heavily damaged.
You flicker back into view.
The vampire mosquito bites you but does no damage.
You slash the vampire mosquito!
Lightning courses through the vampire mosquito!
You destroy the vampire mosquito!
Cheibriados thoroughly appreciates the change of pace.
Cheibriados raises the support of your attributes as your movement slows.
You have reached level 8!
You feel clever.
Unknown command.
Okay, then.
Unknown command.
You hit the hornet but do no damage.
The hornet stings you but does no damage.
You block the hornet's attack.
You closely miss the hornet. The hornet stings you!
* * * LOW HITPOINT WARNING * * *
You feel yourself slow down.
You closely miss the hornet. The hornet stings you.
* * * LOW HITPOINT WARNING * * *
You feel as though you will be slow longer.
The hornet stings you but does no damage.
You hit the hornet.
The hornet is lightly wounded.
The hornet stings you but does no damage.
The hornet stings you.
* * * LOW HITPOINT WARNING * * *
You suddenly lose the ability to move!
The hornet stings you.
* * * LOW HITPOINT WARNING * * *
You feel as though you will be slow longer.
The hornet stings you!
You die...
Cheibriados appreciates the motionlessness of death.

▓.▓
▓.▓
▓.▓
▓.▓
▓.▓
▓.▓
▓'▓
▓y▓
▓@▓
▓.▓
▓.▓
▓[▓
▓.▓
▓)▓
▓.▓
▓.▓
▓'▓


You could see a hornet.

Vanquished Creatures
  A two-headed ogre (D)
  2 yaks (D)
  A vampire mosquito (D)
  An orc warrior (D)
  A sleepcap (D)
  A shadow imp (D)
  An endoplasm (D)
  A hobgoblin (D)
  3 quokkas (D)
  A ball python (D)
  2 frilled lizards (D)
15 creatures vanquished.

Notes
Turn   | Place    | Note
-------+----------+-------------------------------------------
     0 | D        | rocky1 the Mountain Dwarf Fighter began the quest for the
                  | Orb.
     0 | D        | Reached XP level 1. HP: 19/19 MP: 1/1
    30 | D        | Noticed a sleepcap
    45 | D        | Killed a sleepcap
    46 | D        | Reached skill level 5 in Armour
    46 | D        | Reached XP level 2. HP: 24/28 MP: 2/2
    46 | D        | Reached XP level 3. HP: 30/34 MP: 3/3
   281 | D        | Found a roughly hewn altar of Beogh.
   281 | D        | Found a snail-covered altar of Cheibriados.
   281 | D        | Found a shadowy altar of Dithmenos.
   281 | D        | Found a white marble altar of Elyvilon.
   281 | D        | Found a blossoming altar of Fedhas.
   281 | D        | Found an opulent altar of Gozag.
   282 | D        | Found a hazy altar of Hepliaklqana.
   283 | D        | Found a viscous altar of Jiyva.
   284 | D        | Found an ancient bone altar of Kikubaaqudgha.
   285 | D        | Became a worshipper of Cheibriados the Contemplative
   286 | D        | Found a corrupted altar of Lugonu.
   287 | D        | Found a burning altar of Makhleb.
   288 | D        | Found a sparkling altar of Nemelex Xobeh.
   289 | D        | Found an iron altar of Okawaru.
   290 | D        | Found a stormy altar of Qazlal.
   291 | D        | Found a sacrificial altar of Ru.
   292 | D        | Found a shimmering blue altar of Sif Muna.
   293 | D        | Found a bloodstained altar of Trog.
   294 | D        | Found a hide-covered altar of Uskayaw.
   295 | D        | Found a radiant altar of Vehumet.
   296 | D        | Found an ornate altar of the Wu Jian Council.
   297 | D        | Found a shimmering altar of Xom.
   298 | D        | Found a basalt altar of Yredelemnul.
   299 | D        | Found a glowing silver altar of Zin.
   300 | D        | Found a glowing golden altar of the Shining One.
   363 | D        | Noticed a hornet
   363 | D        | Noticed a yak
   363 | D        | Noticed a two-headed ogre
   363 | D        | Noticed a vampire mosquito
   363 | D        | Noticed a yak
   363 | D        | Noticed an orc warrior
   368 | D        | Killed an orc warrior
   369 | D        | Reached skill level 4 in Axes
   369 | D        | Reached skill level 1 in Dodging
   369 | D        | Reached skill level 5 in Shields
   369 | D        | Reached XP level 4. HP: 16/45 MP: 4/4
   378 | D        | Killed a yak
   378 | D        | Reached * piety under Cheibriados
   379 | D        | Reached skill level 7 in Axes
   379 | D        | Reached XP level 5. HP: 17/52 MP: 5/5
   379 | D        | Reached XP level 6. HP: 19/60 MP: 6/6
   383 | D        | HP: 2/60 [two-headed ogre/+0 giant spiked club (20)]
   386 | D        | Killed a two-headed ogre
   387 | D        | Reached skill level 12 in Axes
   387 | D        | Reached XP level 7. HP: 34/70 MP: 7/7
   389 | D        | Killed a yak
   389 | D        | Reached ** piety under Cheibriados
   390 | D        | Reached skill level 13 in Axes
   394 | D        | Killed a vampire mosquito
   395 | D        | Reached XP level 8. HP: 21/79 MP: 8/8
   398 | D        | Paralysed by a hornet for 3 turns
   400 | D        | Slain by a hornet

Illustrated notes

Levels and vault maps discovered:
D:        linesprint [early_d, line_temple, items_1, d_10, items_2, lair_1,
          lair_end, items_3, orc_1, orc_end, items_4, d_15, swamp_1, shoals_1,
          snake_1, spider_1, d_20, vaults_1, items_5, swamp_end, shoals_end,
          snake_end, spider_end, vaults_end, d_27, items_6, zot_1, zot_end,
          crypt_end, forest_end, elf_end, slime_end, tomb_end, abyss_end,
          pan_hell_end]

Skill      XL: |  1  2  3  4  5  6  7 |
---------------+----------------------+-----
Armour         | 5 6 7 9 |  9.4
Fighting       | 4 6 7 9 |  9.9
Maces & Flails | 3 4 |  4.0
Shields        | 4 5 6 |  6.3
Axes           | 4 7 12 13 | 13.5
Dodging        | 1 2 |  2.9

Action                     |  1- 3 |  4- 6 |  7- 9 || total
---------------------------+-------+-------+-------++-------
  Melee: Flail             |    38 |       |       ||    38
         Broad axe         |     3 |    15 |    12 ||    30
    Use: Potion            |     1 |     3 |       ||     4
   Stab: Invisible         |       |     3 |     2 ||     5
 Armour: Scale mail        |    23 |       |       ||    23
         Ring mail         |     3 |     9 |    12 ||    24
  Dodge: Dodged            |    19 |    13 |     4 ||    36
  Block: Buckler           |     4 |     3 |     3 ||    10

Table legend: (Time is in decaauts)
 A = Elapsed time spent in this place.
 B = Non-inter-level travel time spent in this place.
 C = Inter-level travel time spent in this place.
 D = Time resting spent in this place.
 E = Time spent auto-exploring this place.
 F = Levels seen in this place.
 G = Mean time per level.
                   A        B        C        D        E       F      G
               +--------+--------+--------+--------+--------+-----+--------+
         Total |    430 |    430 |      0 |    225 |      0 |   1 |  430.0 |
       Dungeon |    430 |    430 |      0 |    225 |      0 |   1 |  430.0 |
               +--------+--------+--------+--------+--------+-----+--------+

Top non-repeatable levels by time:
       D: 430 daAuts
